 Dungeon Crawl Stone Soup version 0.17-a0-1020-ge683cc4 (console) character file.

53 Monkaria the Skirmisher (level 3, -10/30 HPs)
             Began as a Demonspawn Chaos Knight on May 14, 2015.
             Mangled by Sigmund
             ... wielding a +0 scythe
              (12 damage)
             ... on level 2 of the Dungeon.
             The game lasted 00:01:15 (1047 turns).

Monkaria the Skirmisher (Demonspawn Chaos Knight)   Turns: 1047, Time: 00:01:16

Health: -10/30     AC:  9    Str: 13    XL:     3   Next: 62%
Magic:  3/3        EV: 11    Int: 13    God:    Xom [..*...]
Gold:   60         SH:  0    Dex: 12    Spells: 0 memorised, 2 levels left

rFire  . . .     SeeInvis .     a - +0 falchion (chaos)
rCold  . . .     Clarity  .     b - +2 leather armour
rNeg   . . .     SustAb   .     (no shield)
rPois  .         Gourm    .     (no helmet)
rElec  .         Spirit   .     (no cloak)
rCorr  .         Warding  .     (no gloves)
rMut   .         Stasis   .     (no boots)
MR     .....                    (no amulet)
Stlth  +.........               (no ring)
                                h - ring of flight

@: not resistant to hostile enchantments, very unstealthy
A: iridescent scales 1, rot immunity
a: Renounce Religion, Evoke Flight


You were on level 2 of the Dungeon.
You worshipped Xom.
You were a toy of Xom.
You were hungry.

You visited 1 branch of the dungeon, and saw 2 of its levels.

You collected 60 gold pieces.

Inventory:

Hand weapons
 a - a +0 falchion of chaos (weapon)
Armour
 b - a +2 leather armour (worn)
Jewellery
 h - a ring of flight (left hand)
Scrolls
 d - a scroll of enchant armour {unknown}
 e - a scroll of fear {unknown}
 f - a scroll of immolation {unknown}
 g - a scroll of teleportation {unknown}
 m - a scroll of remove curse {unknown}
 n - a scroll of fog {unknown}
Potions
 i - a potion of curing {unknown}
 k - a potion of heal wounds {unknown}
 l - a potion of cancellation {unknown}
Comestibles
 c - a bread ration


   Skills:
 - Level 4.2 Fighting
 + Level 3.2 Long Blades
 - Level 1.7 Armour
 - Level 0.8 Dodging


You had 2 spell levels left.
You didn't know any spells.

Dungeon Overview and Level Annotations

Branches:
Dungeon (2/15)

Altars:
Qazlal

Annotations:
D:2 Sigmund


Innate Abilities, Weirdness & Mutations

You are partially covered in iridescent scales (AC +4).
You are immune to rotting.


Message History

Found 9 gold pieces.
No target in view!
A magic dart appears from out of thin air!
The magic dart hits you!
A puff of flame appears from out of thin air!
The puff of flame hits you!
You see here 16 gold pieces.
You now have 60 gold pieces (gained 16).
Something hits you but does no damage.
You hit something but do no damage. Something hits you!
You completely miss something. Something hits you.
You hit something but do no damage.
All of the chunks of flesh in your inventory have rotted away.
You hit something. You burn something. Something hits you!
* * * LOW HITPOINT WARNING * * *
You hit something.
The floor and the ceiling briefly switch places.
Something hits you!
You die...
Xom laughs nastily!

####### #...........#
####...........#
....$..........# #####
...............# #..§§
...............# #.###
...............#####.#..
...................>....
.......@.......####..#.#
...............####..#.#
..............(#.....#..
.###############.....#..
###### #.....#.. #....#
#....##.#
####....######+#.##.#
........§§.§§..#.##..
###...§#####..#.# #


There were no monsters in sight!

Vanquished Creatures
  3 gnolls
  4 bats (D:1)
  A giant cockroach (D:1)
  4 goblins
  5 hobgoblins
  2 giant newts
  4 kobolds
  A rat (D:1)
24 creatures vanquished.

Notes
Turn   | Place    | Note
--------------------------------------------------------------
     0 | D:1      | Monkaria the Demonspawn Chaos Knight began the quest for the Orb.
     0 | D:1      | Reached XP level 1. HP: 18/18 MP: 1/1
   122 | D:1      | Gained mutation: You are partially covered in iridescent scales (AC +4). [demonic ancestry]
   122 | D:1      | Reached XP level 2. HP: 20/24 MP: 2/2
   245 | D:1      | XOM: harmless Conj miscast
   365 | D:1      | XOM: silly message
   622 | D:1      | Reached skill level 4 in Fighting
   813 | D:1      | Gained mutation: You are immune to rotting. [demonic ancestry]
   813 | D:1      | Reached XP level 3. HP: 22/30 MP: 3/3
   901 | D:2      | Found a stormy altar of Qazlal.
   912 | D:2      | XOM: colour smoke trail
  1037 | D:2      | Noticed Sigmund
  1046 | D:2      | HP: 1/30 [something (10)]
  1047 | D:2      | Mangled by Sigmund

Vault maps used:
D:1:      minmay_arrival_four_houses
D:2:      serial_park_square1, nicolae_ru_path_of_blood, uniq_iyjb,
          uniq_crazy_yiuf_cottage, uniq_sigmund

Action                   || total
-------------------------++-------
Melee: Falchion          ||    90
